EVO
UNIVERSITY OF TORONTO MARLIES @ FRESNO STATE UNIVERSITY BULLDOGS
09/30/2047
 
TOP OF THE 1ST
University of Toronto Marlies batting - Pitching for Fresno State University Bulldogs : RHP Alfredo Villamar
Pitching: RHP Alfredo Villamar
Batting: SHB Jose Melendez 0-0: Fly out, F9 (Line Drive, 89S, EV 101.2 MPH)
Batting: SHB Shannon Britten 0-0: Swinging Strike
0-1: Ground out 4-3 (Groundball, 4M, EV 84.4 MPH)
Batting: SHB Jack Tierney 0-0: SOLO HOME RUN (Flyball, 78XD, EV 101.9 MPH), Distance : 409 ft
Batting: LHB Efrem Isaev 0-0: Called Strike
0-1: Swinging Strike
0-2: Fly out, F8 (Line Drive, 78M, EV 92.5 MPH)
Top of the 1st over - 1 run, 1 hit, 0 errors, 0 left on base; University of Toronto 1 - Fresno State University 0
BOTTOM OF THE 1ST
Fresno State University Bulldogs batting - Pitching for University of Toronto Marlies : RHP Paul Riley
Pitching: RHP Paul Riley
Batting: LHB Brad Benanti 0-0: Swinging Strike
0-1: Ball
1-1: Foul Ball, location: 2F
1-2: Ball
2-2: Ground out 5-3 (Groundball, 56, EV 95.0 MPH)
Batting: LHB Ollie Strauss 0-0: Ball
1-0: Ground out U3 (Groundball, 3S, EV 70.6 MPH)
Batting: SHB Carlton Stannard 0-0: Called Strike
0-1: SINGLE (Line Drive, 8LS, EV 105.6 MPH)
Batting: RHB Sandy Munoz 0-0: Ball
1-0: Foul Ball, location: 2F
1-1: Foul Ball, location: 2F
1-2: Ball
2-2: Strikes out swinging
Bottom of the 1st over - 0 runs, 1 hit, 0 errors, 1 left on base; University of Toronto 1 - Fresno State University 0
TOP OF THE 2ND
University of Toronto Marlies batting - Pitching for Fresno State University Bulldogs : RHP Alfredo Villamar
Batting: RHB Logan Johnson 0-0: Called Strike
0-1: Ball
1-1: Ground out 5-3 (Groundball, 56, EV 110.6 MPH)
Batting: RHB Jeff McClellan 0-0: Called Strike
0-1: Ball
1-1: Ball
2-1: Foul Ball, location: 2F
2-2: Strikes out looking
Batting: SHB Ronnie Lundy 0-0: Ball
1-0: Reached on error, E6 (Groundball, 6, EV 87.5 MPH)
Batting: RHB George Sonier 0-0: Ball
1-0: Called Strike
1-1: Ball
2-1: Swinging Strike
2-2: Fielders Choice at 2nd, 6-4 (Groundball, 56, EV 91.9 MPH)
Top of the 2nd over - 0 runs, 0 hits, 1 error, 1 left on base; University of Toronto 1 - Fresno State University 0
BOTTOM OF THE 2ND
Fresno State University Bulldogs batting - Pitching for University of Toronto Marlies : RHP Paul Riley
Batting: LHB Abraham Batista 0-0: Foul Ball, location: 2F
0-1: Foul Ball, location: 2F
0-2: Ball
1-2: Foul Ball, location: 2F
1-2: Foul Ball, location: 2F
1-2: Ball
2-2: Foul Ball, location: 2F
2-2: Strikes out swinging
Batting: RHB Danilo Baldia 0-0: Called Strike
0-1: Fly out, F8 (Flyball, 8RM, EV 79.4 MPH)
Batting: LHB Moktar Ame 0-0: Swinging Strike
0-1: SINGLE (Flyball, 8LS, EV 86.9 MPH)
Batting: RHB Charles Shaw 0-0: Ball
1-0: Fly out, F8 (Flyball, 8RXD, EV 101.9 MPH)
Bottom of the 2nd over - 0 runs, 1 hit, 0 errors, 1 left on base; University of Toronto 1 - Fresno State University 0
TOP OF THE 3RD
University of Toronto Marlies batting - Pitching for Fresno State University Bulldogs : RHP Alfredo Villamar
Batting: RHB Charlie Townend 0-0: Ball
1-0: Ball
2-0: Swinging Strike
2-1: Foul Ball, location: 2F
2-2: Fly out, F4 (Line Drive, 4, EV 65.6 MPH)
Batting: SHB Jose Melendez 0-0: Foul Ball, location: 2F
0-1: Fly out, F7 (Line Drive, 78M, EV 93.8 MPH)
Batting: SHB Shannon Britten 0-0: Called Strike
0-1: Called Strike
0-2: Ball
1-2: Fly out, F6 (Popup, P, EV 68.8 MPH)
Top of the 3rd over - 0 runs, 0 hits, 0 errors, 0 left on base; University of Toronto 1 - Fresno State University 0
BOTTOM OF THE 3RD
Fresno State University Bulldogs batting - Pitching for University of Toronto Marlies : RHP Paul Riley
Batting: RHB Sinfronio Carreon 0-0: Ball
1-0: Ball
2-0: Called Strike
2-1: Foul Ball, location: 2F
2-2: Strikes out looking
Batting: LHB Brad Benanti 0-0: Ball
1-0: Ball
2-0: Called Strike
2-1: Ground out 3-1 (Groundball, 34S, EV 87.5 MPH)
Batting: LHB Ollie Strauss 0-0: Called Strike
0-1: Foul Ball, location: 2F
0-2: Strikes out swinging
Bottom of the 3rd over - 0 runs, 0 hits, 0 errors, 0 left on base; University of Toronto 1 - Fresno State University 0
TOP OF THE 4TH
University of Toronto Marlies batting - Pitching for Fresno State University Bulldogs : RHP Alfredo Villamar
Batting: SHB Jack Tierney 0-0: Ball
1-0: Ball
2-0: Called Strike
2-1: Ball
3-1: Base on Balls
Batting: LHB Efrem Isaev 0-0: Ball
1-0: Called Strike
1-1: Ball
Jack Tierney steals 2nd base
2-1: Foul Ball, location: 2F
2-2: Strikes out looking
Batting: RHB Logan Johnson 0-0: Swinging Strike
0-1: Ball
1-1: Foul Ball, location: 2F
1-2: Foul Ball, location: 2F
1-2: Foul Ball, location: 2F
1-2: Foul Ball, location: 2F
1-2: Ball
2-2: Foul Ball, location: 2F
2-2: Ball
3-2: Ground out 5-3 (Groundball, 5, EV 98.8 MPH)
Batting: RHB Jeff McClellan 0-0: Ball
1-0: Called Strike
1-1: Ground out 6-3 (Groundball, 6, EV 106.9 MPH)
Top of the 4th over - 0 runs, 0 hits, 0 errors, 1 left on base; University of Toronto 1 - Fresno State University 0
BOTTOM OF THE 4TH
Fresno State University Bulldogs batting - Pitching for University of Toronto Marlies : RHP Paul Riley
Batting: SHB Carlton Stannard 0-0: Ball
1-0: Ball
2-0: Called Strike
2-1: Foul Ball, location: 2F
2-2: Ball
3-2: Fly out, F7 (Flyball, 7S, EV 90.0 MPH)
Batting: RHB Sandy Munoz 0-0: Called Strike
0-1: Ball
1-1: Ball
2-1: Ball
3-1: Ground out 4-3 (Groundball, 4, EV 78.1 MPH)
Batting: LHB Abraham Batista 0-0: Ball
1-0: Called Strike
1-1: Foul Ball, location: 2F
1-2: Ball
2-2: Ball
3-2: Ground out U3 (Groundball, 3, EV 98.1 MPH)
Bottom of the 4th over - 0 runs, 0 hits, 0 errors, 0 left on base; University of Toronto 1 - Fresno State University 0
TOP OF THE 5TH
University of Toronto Marlies batting - Pitching for Fresno State University Bulldogs : RHP Alfredo Villamar
Batting: SHB Ronnie Lundy 0-0: Foul Ball, location: 2F
0-1: Ball
1-1: Ball
2-1: Ball
3-1: Base on Balls
Batting: RHB George Sonier 0-0: Called Strike
0-1: Ball
1-1: Ball
2-1: Grounds into double play, 5-4-3 (Groundball, 56, EV 90.6 MPH)
Batting: RHB Charlie Townend 0-0: Foul Ball, location: 2F
0-1: Foul Ball, location: 2F
0-2: Ball
1-2: Ball
2-2: Foul Ball, location: 2F
2-2: Ball
3-2: SINGLE (Groundball, 4M, EV 88.1 MPH) (infield hit)
Batting: SHB Jose Melendez 0-0: Ball
1-0: Called Strike
1-1: Ball
2-1: Ball
3-1: Foul Ball, location: 2F
3-2: SINGLE (Line Drive, 7S, EV 98.8 MPH)
Charlie Townend to second
Charlie Townend to third
Pitching: RHP Mario Lyons
Batting: SHB Shannon Britten 0-0: Ball
1-0: Ball
2-0: Called Strike
2-1: Ground out U3 (Groundball, 3, EV 91.2 MPH)
Top of the 5th over - 0 runs, 2 hits, 0 errors, 2 left on base; University of Toronto 1 - Fresno State University 0
BOTTOM OF THE 5TH
Fresno State University Bulldogs batting - Pitching for University of Toronto Marlies : RHP Paul Riley
Batting: RHB Danilo Baldia 0-0: Called Strike
0-1: Ball
1-1: Ball
2-1: Foul Ball, location: 2F
2-2: Ball
3-2: Fly out, F8 (Line Drive, 8RM, EV 92.5 MPH)
Batting: LHB Moktar Ame 0-0: Ground out 1-3 (Groundball, 13, EV 68.8 MPH)
Batting: RHB Charles Shaw 0-0: Ball
1-0: DOUBLE (Line Drive, 7LM, EV 99.4 MPH)
Batting: RHB Sinfronio Carreon 0-0: Ball
1-0: Fly out, F9 (Line Drive, 9, EV 91.9 MPH)
Bottom of the 5th over - 0 runs, 1 hit, 0 errors, 1 left on base; University of Toronto 1 - Fresno State University 0
TOP OF THE 6TH
University of Toronto Marlies batting - Pitching for Fresno State University Bulldogs : RHP Mario Lyons
Batting: SHB Jack Tierney 0-0: Foul Ball, location: 2F
0-1: Ball
1-1: Ball
2-1: Foul Ball, location: 2F
2-2: Ground out 6-3 (Groundball, 6MS, EV 86.9 MPH)
Batting: LHB Efrem Isaev 0-0: Called Strike
0-1: Ball
1-1: Foul Ball, location: 2F
1-2: Ball
2-2: Ball
3-2: Foul Ball, location: 2F
3-2: Foul Ball, location: 2F
3-2: Foul Ball, location: 2F
3-2: Fly out, F8 (Flyball, 8RD, EV 80.0 MPH)
Pitching: RHP Alex Gutierrez
Batting: RHB Logan Johnson 0-0: Ball
1-0: Ball
2-0: Called Strike
2-1: Ball
3-1: Called Strike
3-2: Base on Balls
Batting: RHB Jeff McClellan 0-0: Foul Ball, location: 2F
0-1: Fly out, F9 (Flyball, 9, EV 91.2 MPH)
Top of the 6th over - 0 runs, 0 hits, 0 errors, 1 left on base; University of Toronto 1 - Fresno State University 0
BOTTOM OF THE 6TH
Fresno State University Bulldogs batting - Pitching for University of Toronto Marlies : RHP Paul Riley
Batting: LHB Brad Benanti 0-0: Foul Ball, location: 2F
0-1: Foul Ball, location: 2F
0-2: Ball
1-2: Foul Ball, location: 2F
1-2: Fly out, F7 (Line Drive, 7, EV 104.4 MPH)
Batting: LHB Ollie Strauss 0-0: Ball
1-0: Swinging Strike
1-1: Swinging Strike
1-2: Ball
2-2: Ground out 3-1 (Groundball, 34, EV 83.8 MPH)
Batting: SHB Carlton Stannard 0-0: Called Strike
0-1: Called Strike
0-2: Strikes out looking
Bottom of the 6th over - 0 runs, 0 hits, 0 errors, 0 left on base; University of Toronto 1 - Fresno State University 0
TOP OF THE 7TH
University of Toronto Marlies batting - Pitching for Fresno State University Bulldogs : RHP Alex Gutierrez
Batting: SHB Ronnie Lundy 0-0: Foul Ball, location: 2F
0-1: Ball
1-1: Fly out, F7 (Flyball, 7, EV 90.6 MPH)
Batting: RHB George Sonier 0-0: Ball
1-0: Ball
2-0: Swinging Strike
2-1: Foul Ball, location: 2F
2-2: Ball
3-2: Strikes out swinging
Batting: RHB Charlie Townend 0-0: Ball
1-0: Ball
2-0: Called Strike
2-1: Swinging Strike
2-2: Foul Ball, location: 2F
2-2: Ball
3-2: Foul Ball, location: 2F
3-2: Ground out 4-3 (Groundball, 4M, EV 109.4 MPH)
Top of the 7th over - 0 runs, 0 hits, 0 errors, 0 left on base; University of Toronto 1 - Fresno State University 0
BOTTOM OF THE 7TH
Fresno State University Bulldogs batting - Pitching for University of Toronto Marlies : RHP Paul Riley
Pitching: RHP Norm Wamboldt
Batting: RHB Sandy Munoz 0-0: Foul Ball, location: 2F
0-1: Ball
1-1: Called Strike
1-2: Foul Ball, location: 2F
1-2: SINGLE (Flyball, 9S, EV 93.8 MPH)
Pitching: LHP Chris Burr
Batting: RHB Tony Nowak 0-0: Called Strike
0-1: Foul Ball, location: 2F
0-2: Grounds into double play, 5-4-3 (Groundball, 56S, EV 81.2 MPH)
Pitching: LHP Joe Sellick
Batting: RHB Danilo Baldia 0-0: Called Strike
0-1: Ball
1-1: Ball
2-1: SINGLE (Groundball, 6D, EV 96.2 MPH)
Batting: LHB Moktar Ame 0-0: Called Strike
0-1: Ball
1-1: Foul Ball, location: 2F
1-2: DOUBLE (Line Drive, 78D, EV 108.8 MPH)
Danilo Baldia to third
Runner from 3rd tries for Home, SAFE, throw by CF to trailing runner, SAFE at third!
Batting: RHB Charles Shaw 0-0: Called Strike
0-1: Called Strike
0-2: Ball
1-2: Ball
2-2: Ball
3-2: Ground out 5-3 (Groundball, 56, EV 80.0 MPH)
Bottom of the 7th over - 1 run, 3 hits, 0 errors, 1 left on base; University of Toronto 1 - Fresno State University 1
TOP OF THE 8TH
University of Toronto Marlies batting - Pitching for Fresno State University Bulldogs : RHP Alex Gutierrez
Pitching: RHP Milojica Mrdja
Batting: SHB Jose Melendez 0-0: Ball
1-0: Called Strike
1-1: Ball
2-1: Swinging Strike
2-2: Strikes out swinging
Batting: SHB Shannon Britten 0-0: Ball
1-0: Called Strike
1-1: Ball
2-1: Ground out 5-3 (Groundball, 5, EV 84.4 MPH)
Batting: SHB Jack Tierney 0-0: Ball
1-0: Ground out 6-3 (Groundball, 6MS, EV 73.8 MPH)
Top of the 8th over - 0 runs, 0 hits, 0 errors, 0 left on base; University of Toronto 1 - Fresno State University 1
BOTTOM OF THE 8TH
Fresno State University Bulldogs batting - Pitching for University of Toronto Marlies : LHP Joe Sellick
Batting: RHB Sinfronio Carreon 0-0: Ball
1-0: Ball
2-0: Fly out, F3 (Popup, 3SF, EV 82.5 MPH)
Batting: LHB Brad Benanti 0-0: Ball
1-0: Called Strike
1-1: Ball
2-1: Fly out, F8 (Flyball, 78M, EV 82.5 MPH)
Batting: LHB Ollie Strauss 0-0: Called Strike
0-1: Ball
1-1: Ball
2-1: Called Strike
2-2: Ground out 5-3 (Groundball, 56S, EV 88.1 MPH)
Bottom of the 8th over - 0 runs, 0 hits, 0 errors, 0 left on base; University of Toronto 1 - Fresno State University 1
TOP OF THE 9TH
University of Toronto Marlies batting - Pitching for Fresno State University Bulldogs : RHP Milojica Mrdja
Batting: LHB Efrem Isaev 0-0: Fly out, F6 (Line Drive, 6D, EV 73.1 MPH)
Batting: RHB Logan Johnson 0-0: Ball
1-0: Ball
2-0: Ball
3-0: Called Strike
3-1: DOUBLE (Line Drive, 89M, EV 106.2 MPH)
Batting: RHB Jeff McClellan 0-0: Called Strike
0-1: Ball
1-1: SINGLE (Flyball, 56D, EV 91.2 MPH)
Logan Johnson to third
Batting: SHB Ronnie Lundy 0-0: Ball
1-0: Called Strike
1-1: Called Strike
1-2: Ball
2-2: Fielders Choice at 2nd, 1-6 (Groundball, 13S, EV 70.6 MPH)
Pitching: RHP Antonio Levario
Batting: RHB George Sonier 0-0: Ball
1-0: Fly out, F6 (Popup, 6D, EV 71.9 MPH)
Top of the 9th over - 0 runs, 2 hits, 0 errors, 2 left on base; University of Toronto 1 - Fresno State University 1
BOTTOM OF THE 9TH
Fresno State University Bulldogs batting - Pitching for University of Toronto Marlies : LHP Joe Sellick
Pitching: LHP John Sceviour
Batting: SHB Carlton Stannard 0-0: SINGLE (Line Drive, 8RS, EV 94.4 MPH)
Batting: RHB Sandy Munoz 0-0: Called Strike
0-1: Swinging Strike
0-2: Strikes out swinging
Batting: RHB Tony Nowak 0-0: 2-RUN HOME RUN (Flyball, 7D, EV 98.1 MPH), Distance : 377 ft
Bottom of the 9th over - 2 runs, 2 hits, 0 errors, 0 left on base; University of Toronto 1 - Fresno State University 3
Thursday, December 15th , 2022 - OOTP Baseball 23.9 Build 102